 Dungeon Crawl Stone Soup version 0.24-a0-201-gf205589 (webtiles) character file.

Game seed: 13346669529311470774

56 Azzok the Firebug (level 3, -1/21 HPs)
             Began as an Octopode Fire Elementalist on Mar 22, 2019.
             Slain by a gnoll (3 damage)
             ... on level 1 of the Dungeon.
             The game lasted 00:03:22 (1215 turns).

Azzok the Firebug (Octopode Fire Elementalist)      Turns: 1215, Time: 00:03:22

Health: -1/21      AC:  1    Str:  7    XL:     3   Next: 97%
Magic:  2/7        EV: 13    Int: 18    God:
Gold:   49         SH:  0    Dex: 12    Spells: 6/7 levels left

rFire    . . .     SeeInvis .   (no weapon)
rCold    . . .     Gourm    .   (no shield)
rNeg     . . .     Faith    .   (helmet restricted)
rPois    .         Spirit   .   (no amulet)
rElec    .         Reflect  .   (no ring)
rCorr    .         Harm     .   (no ring)
MR       .....                  (no ring)
Stlth    +++.......             (no ring)
HPRegen  0.07/turn              (no ring)
MPRegen  0.10/turn              (no ring)
                                (no ring)
                                (no ring)

@: very slightly contaminated
A: almost no armour, stealthy swim, amphibious, 8 rings, constrict 8, camouflage
1, gelatinous body 1
a: no special abilities


You were on level 1 of the Dungeon.
You were not hungry.

You visited 1 branch of the dungeon, and saw 2 of its levels.

You collected 49 gold pieces.

Inventory:

Scrolls
 e - 4 scrolls of teleportation {unknown}
 f - a scroll of enchant armour {unknown}
 g - a scroll of enchant weapon {unknown}
 h - a scroll of fear {unknown}
 i - 2 scrolls of identify {unknown}
Potions
 a - a potion of magic {unknown}
 c - a potion of haste {unknown}
 j - 2 potions of invisibility {unknown}
 k - 2 potions of curing {unknown}
Comestibles
 b - 4 rations
 d - 2 chunks of flesh


   Skills:
 - Level 2.0 Dodging
 - Level 2.6 Stealth
 + Level 2.7 Spellcasting
 + Level 2.1 Conjurations
 + Level 3.6 Fire Magic


You had 6 spell levels left.
You knew the following spells:

 Your Spells              Type           Power        Failure   Level  Hunger
a - Flame Tongue          Conj/Fire      ##...        4%          1    None

Your spell library contained the following spells:

 Spells                   Type           Power        Failure   Level  Hunger
 Throw Flame              Conj/Fire      ##....       8%          2    ##.....
 Conjure Flame            Conj/Fire      ##......     16%         3    ###....
 Inner Flame              Hex/Fire       #.......     24%         3    ###....
 Sticky Flame             Conj/Fire      ##......     45%         4    ####...
 Fireball                 Conj/Fire      ##........   80%         5    ######.


Dungeon Overview and Level Annotations

Branches:
Dungeon (2/15)

Altars:


Innate Abilities, Weirdness & Mutations

You cannot wear most types of armour.
You are very stealthy in the water. (Stealth+)
You are amphibious.
You can wear up to eight rings at the same time.
You can use your tentacles to constrict eight enemies at once.
Your skin changes colour to match your surroundings (Stealth+).
Your rubbery body absorbs attacks. (AC +1, EV +1)


Message History

There is an open door here.
You barely miss the gnoll. Your grab misses the gnoll.
The gnoll is severely wounded.
The gnoll hits you!
* * * LOW HITPOINT WARNING * * *
There is a stone staircase leading down here.
There is a stone staircase leading up here.
The gnoll hits you.
* * * LOW HITPOINT WARNING * * *
You climb upwards.
There is a stone staircase leading down here.
Casting: Flame Tongue (safe; 4% risk of failure)
Confirm with . or Enter, or press ? or * to list all spells.
Aiming: Flame Tongue (safe; 4% risk of failure)
Press: ? - help, Shift-Dir - straight line, f - gnoll
Aim: a gnoll (severely wounded)
You miscast Flame Tongue.
You are very lightly contaminated with residual magic.
Your skin glows momentarily.
The gnoll hits you.
You die...

▒▒▒▒▒▒·▒ ▒·▒ ▒·▒ ▒·▒ ▒·▒
▒·▒ ▒·▒
▒▒▒▒▒▒·▒▒▒▒▒▒▒▒▒▒▒▒▒▒▒▒▒▒▒▒
················@g········▒
··▒▒▒▒·▒▒·▒▒▒▒▒▒▒▒▒▒▒▒▒▒·▒▒
▒·▒▒ ▒···············÷÷··▒
▒··▒▒▒▒▒▒·▒▒▒▒▒▒▒▒▒▒▒▒···▒
··········▒ ▒·▒)▒
·▒··▒▒▒▒▒·▒ ▒·▒·▒
·▒▒·····▒·▒ ▒·▒·▒
(▒▒···▒·▒·▒ ▒·▒·▒
·▒▒·····▒·▒ ▒·▒·▒


You could see a gnoll.

Vanquished Creatures
  2 gnolls
  An adder (D:2)
  2 dart slugs (D:1)
  5 bats
  2 goblins (D:1)
  3 hobgoblins (D:1)
  2 kobolds
  A ball python (D:2)
  3 frilled lizards (D:1)
  6 rats
27 creatures vanquished.

Notes
Turn   | Place    | Note
-------+----------+-------------------------------------------
     0 | D:1      | Azzok the Octopode Fire Elementalist began the quest for
                  | the Orb.
     0 | D:1      | Reached XP level 1. HP: 11/11 MP: 3/3
   153 | D:1      | Reached XP level 2. HP: 17/17 MP: 3/5
   773 | D:1      | Reached XP level 3. HP: 21/21 MP: 3/6
  1213 | D:2      | HP: 1/21 [gnoll (5)]
  1215 | D:1      | Slain by a gnoll

Levels and vault maps discovered:
D:1:      onia_arrival_pentagram, layout_basic
D:2:      layout_loops_corners, lemuel_blue_sif_altar

Skill      XL: |  1  2  3 |
---------------+----------+-----
Conjurations   | 2 |  2.1
Dodging        | |  2.0
Stealth        | |  2.6
Spellcasting   | |  2.7
Fire Magic     | |  3.6

Action                   || total
-------------------------++-------
Melee: Unarmed           ||    10
       Constrict         ||     5
       Tentacles         ||     1
 Cast: Flame Tongue      ||    45
  Eat: Chunk             ||     1
Armor: Skin              ||     6
Dodge: Dodged            ||    11

Table legend:
 A = Non-vault XP
 B = Vault XP
 C = Vault XP percentage of total XP
 D = Non-vault monster count
 E = Vault monster count
 F = Vault count percentage of total count
                 A         B        C        D         E       F
            +---------+---------+-------+---------+---------+-------
      Total |      81 |       0 |   0.0 |      27 |       0 |   0.0
            +---------+---------+-------+---------+---------+-------
        D:1 |      48 |       0 |   0.0 |      20 |       0 |   0.0
        D:2 |      33 |       0 |   0.0 |       7 |       0 |   0.0
            +---------+---------+-------+---------+---------+-------
